 Dungeon Crawl Stone Soup version 0.17.0-15-g6d90897 (webtiles) character file.

224 4thArraOfDagon the Chopper (level 5, 0/48 HPs)
             Began as a Minotaur Fighter on Nov 10, 2015.
             Was a Follower of Cheibriados.
             Shot with an arrow by a centaur (12 damage)
             ... on level 4 of the Dungeon.
             The game lasted 00:06:18 (1319 turns).

4thArraOfDagon the Chopper (Minotaur Fighter)       Turns: 1319, Time: 00:06:18

Health: 0/48       AC:  8    Str: 24    XL:     5   Next: 67%
Magic:  4/4        EV:  7    Int:  9    God:    Cheibriados [*.....]
Gold:   154        SH: 10    Dex: 12    Spells: 0 memorised, 4 levels left

rFire  . . .     SeeInvis .     a - +0 war axe
rCold  . . .     Clarity  .     b - +0 scale mail
rNeg   . . .     SustAt   .     c - +0 shield
rPois  .         Gourm    .     (helmet restricted)
rElec  .         Spirit   .     (no cloak)
rCorr  .         Warding  .     (no gloves)
rMut   .         Stasis   .     n - +0 pair of boots
MR     .....                    (no amulet)
Stlth  ..........               (no ring)
                                (no ring)

@: very slow, not resistant to hostile enchantments, extremely unstealthy
A: retaliatory headbutt, horns 2
a: Bend Time, Renounce Religion


You were on level 4 of the Dungeon.
You worshipped Cheibriados.
Cheibriados was aware of your devotion.
You were not hungry.

You visited 1 branch of the dungeon, and saw 5 of its levels.

You collected 154 gold pieces.

Inventory:

Hand Weapons
 a - a +0 war axe (weapon)
 m - a +1 mace of holy wrath
 v - a +0 blowgun
Missiles
 s - 57 stones (quivered)
 w - 4 poisoned needles
Armour
 b - a +0 scale mail (worn)
 c - a +0 shield (worn)
 n - a +0 pair of boots (worn)
Wands
 o - a wand of confusion (21)
Scrolls
 g - 2 scrolls of blinking {unknown}
 h - 2 scrolls of amnesia
 k - 2 scrolls of remove curse {unknown}
 l - a scroll of fear {unknown}
 u - 2 scrolls of recharging {unknown}
 y - a scroll of identify
Potions
 d - a potion of might
 q - a potion of curing
 t - a potion of berserk rage
 x - a potion of flight {unknown}
Comestibles
 e - 3 bread rations
 f - a fruit
 i - 3 meat rations
 j - a chunk of flesh
 z - a beef jerky


   Skills:
 + Level 5.0 Fighting
 * Level 5.6 Axes
 + Level 4.6 Armour
 - Level 3.6 Shields


You had 4 spell levels left.
You didn't know any spells.

Dungeon Overview and Level Annotations

Branches:
Dungeon (5/15)
 Temple: D:4-7

Altars:
Cheibriados
Gozag

Annotations:
D:3 4thArraOfDagon's ghost, amateur OpWn


Innate Abilities, Weirdness & Mutations

You reflexively headbutt those who attack you in melee.
You have a pair of horns on your head.


Message History

The centaur wields a shortbow.
The centaur shoots an arrow.
You block the arrow.
Things that are here:
an arrow; a worm corpse Unknown command.
Drink which item? (? for menu, Esc to quit)
Okay, then.
Read which item? (? for menu, Esc to quit)
As you read the scroll of fog, it crumbles to dust.
The scroll dissolves into smoke.
The centaur shoots an arrow.
The arrow hits you but does no damage.
Unknown command.
Unknown command.
Unknown command.
Unknown command.
The centaur shoots an arrow.
The arrow hits you!
* * * LOW HITPOINT WARNING * * *
Unknown command.
The centaur shoots an arrow.
The arrow hits you!
You die...

...............
.......c.........
#..................
#..................
##..................
.........§§§.......
#.......§§§c§.....
#.......§§§§§....#
#.......§@§§§....#
...#.†..§§§§$..##
........
##...§§§....#
........
##........##
........ ##.......#
..$..... .....##..#
........ #....##
##.. ........ .....#
#. .>....... ..##


You could see a centaur.

Vanquished Creatures
  A giant frog skeleton (D:4)
  2 iguanas
  An orc wizard (D:3)
  6 adders
  2 oozes (D:3)
  4 worms
  2 giant geckos
  5 orcs
  A ball python (D:4)
  3 bats
  3 giant cockroaches
  4 goblins
  A hobgoblin (D:1)
  4 kobolds
  A ball python zombie (D:5)
  2 giant newts
  3 jackals (D:3)
  A rat (D:1)
46 creatures vanquished.

Notes
Turn   | Place    | Note
--------------------------------------------------------------
     0 | D:1      | 4thArraOfDagon the Minotaur Fighter began the quest for the Orb.
     0 | D:1      | Reached XP level 1. HP: 19/19 MP: 0/0
   197 | D:2      | Reached XP level 2. HP: 9/27 MP: 1/1
   209 | D:2      | Reached skill level 4 in Fighting
   217 | D:2      | Reached XP level 3. HP: 20/33 MP: 2/2
   356 | D:2      | Found a snail-covered altar of Cheibriados.
   371 | D:2      | ehh
   371 | D:2      | ok
   372 | D:2      | Became a worshipper of Cheibriados the Contemplative
   547 | D:3      | Reached XP level 4. HP: 9/40 MP: 3/3
   658 | D:3      | Noticed 4thArraOfDagon's ghost (amateur OpWn)
   729 | D:3      | Found an opulent altar of Gozag.
   887 | D:3      | Reached * piety under Cheibriados
  1015 | D:4      | Reached skill level 5 in Axes
  1015 | D:4      | Reached XP level 5. HP: 38/47 MP: 4/4
  1256 | D:5      | Entered Level 5 of the Dungeon
  1293 | D:5      | Noticed an orc warrior
  1301 | D:4      | Reached skill level 5 in Fighting
  1314 | D:4      | Noticed a centaur
  1319 | D:4      | Shot with an arrow by a centaur

Action                   |  1- 3 |  4- 6 || total
-------------------------+-------+-------++-------
Melee: War axe           |    69 |    87 ||   156
Throw: Tomahawk          |       |     1 ||     1
  Use: Potion            |     3 |       ||     3
       Scroll            |       |     7 ||     7
  Eat: Fruit             |       |     1 ||     1
       Chunk             |       |     1 ||     1
